 Dungeon Crawl Stone Soup version 0.28-a0-1616-g050a50673c (webtiles) character file.

Game seed: 11557011365960668369

110682 murtidash the Gelid (level 15, 0/117 HPs)
             Began as a Demigod Ice Elementalist on Jan 22, 2022.
             Succumbed to Aizul's poison arrow
             ... on level 2 of the Snake Pit on Jan 23, 2022.
             The game lasted 01:57:20 (34657 turns).

murtidash the Gelid (Demigod Ice Elementalist)     Turns: 34657, Time: 01:57:21

Health: 0/117      AC: 27    Str: 13    XL:     15   Next: 59%
Magic:  8/24       EV:  2    Int: 33    God:
Gold:   528        SH:  0    Dex: 14    Spells: 7/21 levels left

rFire   . . .      SeeInvis .   b - staff of cold {rC+}
rCold   + + +      Faith    .   I - +0 buckler
rNeg    . . .      Spirit   .   N - +3 gold dragon scales
rPois   +          Reflect  .   p - +0 helmet
rElec   .          Harm     .   t - +1 cloak
rCorr   .          Rampage  .   A - +2 pair of gloves
Will    +....                   (no boots)
Stlth   ..........              v - amulet of regeneration {+regen, !d}
HPRegen 1.09/turn               q - ring of wizardry {Wiz+, !d}
MPRegen 0.19/turn               W - ring of ice {rC+, rF-}

@: lethally poisoned (0 -> -23), ice-armoured, sleeping, freezing walls,
attractive, studying Unarmed Combat
A: high mp 1, forlorn, divine attributes
a: no special abilities


You were on level 2 of the Snake Pit.
You visited 4 branches of the dungeon, and saw 20 of its levels.
You also visited: Sewer and Bailey.

You collected 3876 gold pieces.
You spent 3348 gold pieces at shops.

Inventory:

Hand Weapons
 a - a +4 quick blade of venom
   (You bought it in a shop on level 8 of the Dungeon)
 l - a +3 short sword of freezing
   (You took it off a kobold on level 3 of the Dungeon)
 G - a +2 spear of venom
   (You took it off a gnoll sergeant on level 7 of the Dungeon)
 U - the +2 short sword of Gozag's Whim {flame, Str+5 Dex+8}
   (You found it on level 6 of the Dungeon)

   It burns those it strikes, dealing additional fire damage.
   Str:       It affects your strength (+5).
   Dex:       It affects your dexterity (+8).
Armour
 p - a +0 helmet (worn)
   (You found it on level 4 of the Dungeon)
 t - a +1 cloak (worn)
   (You took it off Maurice on level 9 of the Dungeon)
 A - a +2 pair of gloves (worn)
   (You bought it in a shop on level 8 of the Dungeon)
 I - a +0 buckler (worn)
   (You took it off a gnoll sergeant on level 7 of the Dungeon)
 N - +3 gold dragon scales (worn)
   (You bought it in a shop on level 8 of the Dungeon)
 X - a +3 chain mail of fire resistance
   (You took it off an orc warlord on level 2 of the Orcish Mines)
 Y - the +0 robe of Negation {+Blink Will+}
   (You found it on level 1 of the Snake Pit)

   +Blink:    It lets you blink.
   Will:      It increases your willpower.
Magical Staves
 b - a staff of cold (weapon) {rC+}
   (You found it on level 10 of the Dungeon)
 J - a staff of conjuration {!a}
   (You found it on level 3 of the Lair of Beasts)
Jewellery
 q - a ring of wizardry (left hand) {Wiz+, !d}
   (You found it on level 4 of the Dungeon)
 v - an amulet of regeneration (around neck) {+regen, !d}
   (You found it on level 2 of the Lair of Beasts)
 x - a ring of wizardry {Wiz+, !d}
   (You found it on level 1 of the Lair of Beasts)
 B - a ring of poison resistance {rPois, !d}
   (You found it on level 2 of the Snake Pit)
 K - an amulet of the acrobat
   (You found it on level 5 of the Lair of Beasts)
 O - a ring of resist corrosion
   (You found it on level 6 of the Lair of Beasts)
 Q - a +6 ring of dexterity
   (You found it in a bailey)
 V - an amulet of magic regeneration
   (You bought it in a shop on level 2 of the Orcish Mines)
 W - a ring of ice (right hand) {rC+, rF-}
   (You bought it in a shop on level 2 of the Orcish Mines)
Wands
 k - a wand of charming (5)
   (You found it on level 5 of the Lair of Beasts)
 m - a wand of digging (5)
   (You found it on level 10 of the Dungeon)
 r - a wand of iceblast (4)
   (You found it on level 4 of the Dungeon)
 P - a wand of flame (17)
   (You found it on level 6 of the Lair of Beasts)
Scrolls
 e - 2 scrolls of fog
 h - 7 scrolls of teleportation
 i - a scroll of brand weapon
 j - 2 scrolls of summoning
 u - 2 scrolls of fear
 w - 2 scrolls of identify {@r1}
 y - 2 scrolls of amnesia
 E - 4 scrolls of vulnerability {!r!r}
 R - a scroll of magic mapping {!r}
 Z - a scroll of blinking {!r}
Potions
 c - 3 potions of attraction {!q}
 d - a potion of resistance
 f - 3 potions of cancellation
 g - a potion of magic
 n - a potion of curing
 o - a potion of haste
 s - a potion of lignification {!q}
 z - 2 potions of berserk rage {!q}
 D - 2 potions of mutation {!q}
 M - 3 potions of flight
 S - a potion of might
 T - a potion of heal wounds
Miscellaneous
 C - a piece from Xom's chessboard (15/15)
   (You found it on level 3 of the Lair of Beasts)
 L - a box of beasts (inert)
   (You found it on level 5 of the Lair of Beasts)


   Skills:
 + Level 6.8 Fighting
 - Level 8.0 Short Blades
 + Level 6.8 Armour
 + Level 6.8 Dodging
 - Level 2.8 Stealth
 - Level 5.7 Shields
 - Level 3.6 Spellcasting
 - Level 5.1 Conjurations
 + Level 7.9 Hexes
 * Level 18.2 Ice Magic
 - Level 1.7 Evocations


You had 7 spell levels left.
You knew the following spells:

 Your Spells              Type           Power      Damage    Failure   Level
a - Freeze                Ice            100%       1d11      2%          1
b - Frozen Ramparts       Ice            100%       1d12      7%          3
c - Ozocubu's Armour      Ice            100%       N/A       7%          3
d - Hailstorm             Conj/Ice       100%       3d20      96%         4
Z - Tukima's Dance        Hex            55%        N/A       98%         3

Your spell library contained the following spells:

 Spells                   Type           Power      Damage    Failure   Level
 Metabolic Englaciation   Hex/Ice        59%        N/A       99%         5
 Animate Skeleton         Necr           12%        N/A       100%        1
 Pain                     Necr           24%        1d5       100%        1
 Sandblast                Erth           12%        2d6       100%        1
 Summon Small Mammal      Summ           24%        N/A       100%        1
 Passwall                 Tmut/Erth      5%         N/A       100%        2
 Call Canine Familiar     Summ           6%         N/A       100%        3
 Portal Projectile        Hex/Tloc       64%        N/A       100%        3
 Stone Arrow              Conj/Erth      46%        3d9       100%        3
 Summon Guardian Golem    Hex/Summ       32%        N/A       100%        3
 Vampiric Draining        Necr           6%         2d6       100%        3
 Anguish                  Hex/Necr       16%        N/A       100%        4
 Leda's Liquefaction      Hex/Erth       16%        N/A       100%        4
 Summon Forest            Summ/Tloc      3%         N/A       100%        5
 Eringya's Noxious Bog    Tmut/Pois      3%         N/A       100%        6
 Simulacrum               Ice/Necr       49%        N/A       100%        6
 Enfeeble                 Hex            27%        N/A       100%        7
 Summon Hydra             Summ           3%         N/A       100%        7


Dungeon Overview and Level Annotations

Branches:
Dungeon (10/15)            Temple (0/1) D:7            Lair (6/6) D:8
 Shoals (0/4) Lair:4        Snake (2/4) Lair:3        Slime (0/5) Lair:5
    Orc (2/2) D:10            Elf (0/3) Orc:2         Sewer (visited)
 Bailey (visited)

Shops:
D:8 (*[   Orc:2 *(=:!   Snake:1 =??

Annotations:
D:5 exclusion: statue
Lair:1 exclusion: 2 oklob plants
Lair:6 1 runed translucent door, puellabona's ghost, journeyman GnWn
Snake:2 Aizul


Innate Abilities, Weirdness & Mutations

You have an increased reservoir of magic. (+10% MP)
You shall have no god before yourself.
Your divine heritage dramatically boosts your attributes as you level up.


Message History

You feel very sick.
Aizul coils herself and waves her upper body at you.
The bolt of poison hits you!
You are more poisoned.
You resist. Aizul is attracted toward you.
You take 12 damage, and have 79/117 hp.
The spell is quite dangerous to miscast (96% risk of failure)!
Continue anyway?
Okay, then.
Unknown command.
Okay, then.
Unknown command.
Unknown command.
You feel better.
The wall freezes Aizul.
Aizul screams, "I'll haunt your nightmares!"
Aizul casts a spell at you.
The poison arrow hits your larval shockox beast!!!
Your larval shockox beast looks as sick as possible!
Your larval shockox beast dies!
Your larval shockox beast's corpse disappears in a puff of smoke!
Aizul is attracted toward you.
You regained 8 hp, and now have 87/117 hp.
Aim: Aizul (blue smoke, lightly wounded)
You feel a strong surge of power!
You freeze Aizul!
The wall freezes Aizul.
Aizul moans, "No job prospects!
Who wants sleepy Aizul to guard their treasure?"
Aizul hits you but does no damage.
The wall freezes Aizul!
Aizul hits you.
You take 3 damage, and have 84/117 hp.
You now have 18/24 mp.
Aim: Aizul (lightly wounded)
You feel a strong surge of power!
You freeze Aizul.
The wall freezes Aizul.
Aizul says, "Replaced!
How does it feel to be replaced?"
Aizul hits you.
You take 2 damage, and have 82/117 hp.
You now have 17/24 mp.
Aim: Aizul (moderately wounded)
You feel a strong surge of power!
You freeze Aizul.
The wall freezes Aizul.
Aizul hits you.
The wall freezes Aizul.
Aizul coils herself and waves her upper body at you.
The poison arrow hits you!!
You are poisoned.
You partially resist.
You take 23 damage, and have 59/117 hp.
You now have 16/24 mp.
Here: Aizul (moderately wounded)
The floor.
Unknown command.
Aim: Aizul (moderately wounded)
You feel a strong surge of power!
You freeze Aizul.
You feel very sick.
The wall freezes Aizul.
Aizul hits you but does no damage.
You take 2 damage, and have 57/117 hp.
You now have 15/24 mp.
Aim: Aizul (heavily wounded)
You feel a strong surge of power!
You freeze Aizul!
You feel sick.
The wall freezes Aizul!
Aizul hits you but does no damage.
The wall freezes Aizul.
Aizul hits you but does no damage.
You take 1 damage, and have 56/117 hp.
You now have 14/24 mp.
Aim: Aizul (heavily wounded)
You feel a strong surge of power!
You freeze Aizul.
You feel sick.
The wall freezes Aizul!
Aizul hits you but does no damage.
You take 1 damage, and have 55/117 hp.
Aim: Aizul (severely wounded)
You feel a strong surge of power!
You freeze Aizul.
You feel sick.
The wall freezes Aizul.
Aizul hits you but does no damage.
The wall freezes Aizul.
Aizul hits you but does no damage.
You now have 13/24 mp.
Aim: Aizul (severely wounded)
You feel a strong surge of power!
You freeze Aizul.
You feel sick.
The wall freezes Aizul!
Aizul coils herself and waves her upper body at you.
The poison arrow hits you but does no damage.
You are more poisoned.
You now have 12/24 mp.
Aim: Aizul (severely wounded)
You feel a strong surge of power!
You freeze Aizul!
You feel very sick.
The wall freezes Aizul.
Aizul coils herself and waves her upper body at you.
The bolt of poison hits you.
You are more poisoned.
You resist.
The wall freezes Aizul.
Aizul casts a spell at you. The poison arrow hits you!
You are more poisoned.
You partially resist.
You take 16 damage, and have 39/117 hp.
You now have 11/24 mp.
Aim: Aizul (almost dead)
You feel a strong surge of power!
You freeze Aizul!
The frozen ramparts melt away.
You feel extremely sick. Aizul hits you but does no damage.
You take 8 damage, and have 31/117 hp.
You now have 10/24 mp.
You feel a strong surge of power!
The walls around you are covered in ice.
You feel very sick.
The wall freezes Aizul!
Aizul casts a spell at you. The poison arrow hits you!!
You are more poisoned.
You partially resist.
* * * LOW HITPOINT WARNING * * *
The wall freezes Aizul.
Aizul casts a spell at you.
You fall asleep.
You die...

##.....#.#.##.#....
#..####....#......
##.#.......##.....
#....###...#.....
#......#...#.....
##......#.........
#.......#...#.....
#..###.###..#..##.
#@##.......##..#..
#...S..##....#..#####.
#.......#....#.... #.
##......###..#. ##
#....... ####
#........ ##...###.#
##### ..


You could see Aizul.

Vanquished Creatures
  Agnes (Snake:1)
  2 orc warlords
  An ettin (Orc:2)
  5 hydras
  Harold (D:9)
  2 boulder beetles
  2 catoblepae
  An anaconda (Snake:1)
  6 two-headed ogres
  2 ogre magi (Orc:2)
  A deep troll shaman (Lair:6)
  A tengu warrior (D:9)
  A shock serpent (Snake:2)
  9 death yaks
  Urug (Lair:5)
  2 naga sharpshooters
  An iron troll (Orc:2)
  A deep troll (Orc:2)
  A lindwurm (Lair:6)
  2 orc knights
  3 mana vipers
  An ugly thing (D:9)
  2 salamanders (Snake:2)
  2 cyclopes (Orc:2)
  2 orc sorcerers (Orc:1)
  21 elephants
  Maurice (D:9)
  9 black mambas
  Joseph (D:9)
  A guardian serpent (Snake:2)
  3 naga magi
  A torpor snail (Lair:2)
  11 cane toads
  9 rime drakes
  Psyche (D:9)
  9 komodo dragons
  13 trolls
  5 polar bears
  A hornet (D:9)
  A snapping turtle (Lair:4)
  A slime creature (Lair:1)
  6 blink frogs
  28 yaks
  9 wyverns
  3 basilisks
  Grum (D:10)
  12 steam dragons
  4 vampire mosquitoes (D:10)
  7 nagas
  5 wargs
  12 water moccasins
  An ice beast (D:7)
  30 orc warriors
  A sky beast (D:6)
  A black bear (Lair:6)
  22 ogres
  16 wolves
  4 centaurs
  3 gnoll sergeants
  14 bullfrogs
  5 kobold brigands
  2 scorpions
  A water moccasin zombie (D:6)
  A water moccasin skeleton (D:6)
  4 killer bees (D:9)
  18 wights
  A howler monkey (D:9)
  8 electric eels
  2 centaur zombies
  2 bullfrog skeletons
  2 centaur skeletons
  A gnoll shaman (Orc:2)
  8 jellies
  13 orc priests
  A hound (D:5)
  2 iguanas
  7 hell rats
  19 orc wizards
  A howler monkey zombie (D:9)
  19 gnolls
  2 howler monkey skeletons
  4 river rats
  10 adders
  3 shadow imps (D:5)
  An ufetubus (D:5)
  A dart slug (D:1)
  77 orcs
  23 ball pythons
  21 endoplasms
  4 giant cockroaches
  13 goblins
  6 hobgoblins
  3 jackals (D:4)
  5 quokkas
  3 bats
  8 frilled lizards
  44 kobolds
  42 rats
707 creatures vanquished.

Vanquished Creatures (collateral kills)
  2 orc warlords (Orc:2)
  3 two-headed ogres (Orc:2)
  2 orc knights (Orc:1)
  A warg (Orc:2)
  An orc warrior (Orc:2)
  An ogre (Orc:2)
  A wight (D:9)
  2 orcs
13 creatures vanquished.

Vanquished Creatures (others)
  5 dancing weapons
  2 bushes (Lair:1)
  60 fungi
  132 plants
  5 toadstools (D:8)
204 creatures vanquished.

Grand Total: 924 creatures vanquished

Notes
Turn   | Place    | Note
-------+----------+-------------------------------------------
     0 | D:1      | murtidash the Demigod Ice Elementalist began the quest for
                  | the Orb.
     0 | D:1      | Reached XP level 1. HP: 14/14 MP: 5/5
   338 | D:1      | Reached skill level 2 in Spellcasting
   635 | D:1      | Reached XP level 2. HP: 20/20 MP: 2/7
   784 | D:1      | Reached skill level 4 in Ice Magic
  1572 | D:2      | Reached XP level 3. HP: 26/26 MP: 6/9
  1576 | D:2      | Learned a level 3 spell: Frozen Ramparts
  1580 | D:2      | Learned a level 3 spell: Ozocubu's Armour
  2471 | D:2      | Reached XP level 4. HP: 29/33 MP: 8/11
  2472 | D:2      | Reached skill level 3 in Spellcasting
  3477 | D:3      | Reached XP level 5. HP: 34/38 MP: 8/13
  3797 | D:4      | Reached skill level 5 in Ice Magic
  4761 | D:5      | Entered Level 5 of the Dungeon
  4901 | D:5      | Found a transporter.
  4927 | D:5      | Found a transporter.
  4934 | D:5      | Reached skill level 2 in Dodging
  5050 | D:5      | Found a glowing drain.
  5055 | Sewer    | Entered a sewer
  5171 | Sewer    | Reached XP level 6. HP: 46/46 MP: 7/14
  5293 | Sewer    | Reached skill level 1 in Armour
  5349 | Sewer    | Reached skill level 1 in Fighting
  5853 | D:5      | Reached skill level 6 in Ice Magic
  5897 | D:5      | Reached XP level 7. HP: 53/53 MP: 9/15
  5898 | D:5      | Reached skill level 2 in Armour
  5959 | D:5      | Reached skill level 2 in Fighting
  6340 | D:5      | Reached skill level 3 in Dodging
  6901 | D:6      | Identified the +2 short sword of Gozag's Whim {flame, Str+5
                  | Dex+8}
  7062 | D:6      | Reached skill level 3 in Fighting
  7062 | D:6      | Reached skill level 3 in Armour
  7062 | D:6      | Reached skill level 7 in Ice Magic
  7062 | D:6      | Reached XP level 8. HP: 57/63 MP: 10/16
  7575 | D:7      | Reached skill level 4 in Dodging
  8299 | D:7      | Found a staircase to the Ecumenical Temple.
  8369 | D:7      | Reached skill level 4 in Fighting
  8369 | D:7      | Reached skill level 1 in Short Blades
  8526 | D:7      | Reached skill level 4 in Armour
  8526 | D:7      | Reached skill level 8 in Ice Magic
  8990 | D:7      | Identified a scroll of acquirement
  8990 | D:7      | Acquired 751 gold pieces
  9142 | D:8      | Found Hytopsudgho's Lightly-Used Armoury.
  9146 | D:8      | Bought a -1 quick blade for 150 gold pieces
  9247 | D:8      | Reached XP level 9. HP: 61/71 MP: 11/17
  9437 | D:8      | Found Lunao's Weapon Boutique.
  9714 | D:8      | Found Pommymie's Antique Armour Emporium.
  9834 | D:8      | Bought a pair of runed gloves for 210 gold pieces
  9834 | D:8      | Bought a bloodstained ring mail for 252 gold pieces
  9834 | D:8      | Identified the +4 ring mail "Duwat" {rPois Dex+6} (You
                  | bought it in a shop on level 8 of the Dungeon)
 10046 | D:8      | Reached skill level 2 in Short Blades
 10231 | D:8      | Noticed a death yak
 10240 | D:8      | Noticed a death yak
 10505 | D:8      | Killed a death yak
 10506 | D:8      | Reached skill level 5 in Dodging
 10506 | D:8      | Reached skill level 9 in Ice Magic
 10666 | D:8      | Found a staircase to the Lair.
 10837 | D:8      | Noticed a death yak
 10845 | D:8      | HP: 9/73 [death yak (12)]
 11588 | D:7      | Killed a death yak
 11589 | D:7      | Reached skill level 5 in Fighting
 11589 | D:7      | Reached skill level 3 in Short Blades
 11589 | D:7      | Reached skill level 5 in Armour
 11708 | D:7      | Killed a death yak
 11929 | Lair:1   | Entered Level 1 of the Lair of Beasts
 11944 | Lair:1   | Noticed a komodo dragon
 11959 | Lair:1   | Killed a komodo dragon
 11960 | Lair:1   | Reached skill level 10 in Ice Magic
 11960 | Lair:1   | Reached XP level 10. HP: 81/81 MP: 7/19
 12082 | Lair:1   | Noticed an eight-headed hydra
 12089 | Lair:1   | Learned a level 4 spell: Hailstorm
 12099 | Lair:1   | Killed an eight-headed hydra
 12100 | Lair:1   | Reached skill level 4 in Short Blades
 12100 | Lair:1   | Reached skill level 1 in Conjurations
 12259 | Lair:1   | Noticed an elephant
 12264 | Lair:1   | Noticed an elephant
 12292 | Lair:1   | Killed an elephant
 12307 | Lair:1   | Noticed an elephant
 12315 | Lair:1   | Noticed an elephant
 12317 | Lair:1   | Noticed an elephant
 12321 | Lair:1   | Killed an elephant
 12322 | Lair:1   | Reached skill level 2 in Conjurations
 12589 | Lair:1   | Reached skill level 5 in Short Blades
 12597 | Lair:1   | Reached skill level 11 in Ice Magic
 12823 | Lair:1   | Reached skill level 3 in Conjurations
 12949 | Lair:1   | Killed an elephant
 13160 | Lair:1   | Killed an elephant
 13338 | Lair:1   | Noticed an oklob plant
 13421 | Lair:1   | Noticed an oklob plant
 13523 | Lair:1   | Killed an elephant
 13857 | Lair:1   | Noticed a black mamba
 13863 | Lair:1   | Killed a black mamba
 14229 | Lair:2   | Reached XP level 11. HP: 86/86 MP: 11/20
 14391 | Lair:2   | Reached skill level 4 in Conjurations
 14583 | Lair:2   | Reached skill level 6 in Short Blades
 14819 | Lair:2   | Reached skill level 12 in Ice Magic
 14910 | Lair:2   | Noticed a death yak
 14941 | Lair:2   | Noticed a death yak
 14947 | Lair:2   | Killed a death yak
 14955 | Lair:2   | Killed a death yak
 15315 | Lair:2   | Reached skill level 5 in Conjurations
 15924 | Lair:3   | Reached skill level 7 in Short Blades
 16442 | Lair:3   | Reached skill level 8 in Short Blades
 16454 | Lair:3   | Reached skill level 13 in Ice Magic
 16651 | Lair:3   | Found a staircase to the Snake Pit.
 17400 | Lair:4   | Reached XP level 12. HP: 84/94 MP: 2/21
 17592 | Lair:4   | Noticed a catoblepas
 17615 | Lair:4   | Killed a catoblepas
 17616 | Lair:4   | Reached skill level 14 in Ice Magic
 18026 | Lair:4   | Noticed a seven-headed hydra
 18193 | Lair:4   | Killed a seven-headed hydra
 18276 | Lair:4   | Found a staircase to the Shoals.
 19232 | Lair:4   | Reached skill level 15 in Ice Magic
 19841 | Lair:5   | Noticed Urug
 19856 | Lair:5   | Killed Urug
 20111 | Lair:5   | Found a staircase to the Slime Pits.
 20211 | Lair:5   | Noticed a six-headed hydra
 20219 | Lair:5   | Killed a six-headed hydra
 20220 | Lair:5   | Reached skill level 16 in Ice Magic
 20812 | Lair:6   | Entered Level 6 of the Lair of Beasts
 20826 | Lair:6   | Noticed a four-headed hydra
 20849 | Lair:5   | Killed a four-headed hydra
 21286 | Lair:6   | Reached XP level 13. HP: 100/100 MP: 15/22
 21933 | Lair:6   | Reached skill level 17 in Ice Magic
 22538 | Lair:6   | Found a runed translucent door.
 22539 | Lair:6   | Noticed puellabona's ghost (journeyman GnWn)
 23264 | Lair:6   | Reached skill level 2 in Stealth
 23383 | Lair:6   | Reached skill level 1 in Shields
 23383 | Lair:6   | Reached skill level 1 in Evocations
 23734 | D:9      | Noticed Maurice
 23755 | D:9      | Killed Maurice
 23756 | D:9      | Found a flagged portal.
 23782 | Bailey   | Entered a bailey
 23933 | Bailey   | Noticed an orc warlord
 24094 | Bailey   | Found a runed translucent gate.
 24098 | Bailey   | Found a runed translucent gate.
 24099 | Bailey   | Found a runed translucent gate.
 24245 | Bailey   | Killed an orc warlord
 24271 | Bailey   | Reached skill level 5 in Hexes
 24271 | Bailey   | Reached XP level 14. HP: 101/107 MP: 20/23
 24276 | Bailey   | Learned a level 3 spell: Tukima's Dance
 24674 | D:9      | Noticed Psyche
 24683 | D:9      | Noticed Harold
 24709 | D:9      | Killed Psyche
 24710 | D:9      | Reached skill level 2 in Shields
 24727 | D:9      | Killed Harold
 25376 | D:9      | Noticed Joseph
 25399 | D:9      | Killed Joseph
 25797 | D:10     | Entered Level 10 of the Dungeon
 25948 | D:10     | Reached skill level 3 in Shields
 26142 | D:10     | Found a staircase to the Orcish Mines.
 26614 | D:10     | Noticed Grum
 26638 | D:10     | Killed Grum
 26784 | D:10     | Reached skill level 18 in Ice Magic
 26974 | D:10     | Reached skill level 6 in Hexes
 27151 | Orc:1    | Entered Level 1 of the Orcish Mines
 27553 | Orc:2    | Entered Level 2 of the Orcish Mines
 27755 | Orc:2    | Noticed an orc warlord
 27848 | Orc:2    | Found Giboq's General Store.
 27859 | Orc:1    | Noticed an orc warlord
 27912 | Orc:1    | HP: 19/108 [orc knight (13)]
 27922 | Orc:1    | HP: 8/108 [orc knight (47)]
 28180 | Orc:2    | Reached skill level 4 in Shields
 28180 | Orc:2    | Reached XP level 15. HP: 106/115 MP: 21/24
 28495 | Orc:2    | Found a staircase to the Elven Halls.
 28615 | Orc:2    | Reached skill level 6 in Armour
 28628 | Orc:2    | Reached skill level 6 in Fighting
 28634 | Orc:2    | Reached skill level 6 in Dodging
 28899 | Orc:2    | Reached skill level 7 in Hexes
 28939 | Orc:2    | Reached skill level 5 in Shields
 29256 | Orc:2    | Found Higapon's Antique Weapon Emporium.
 29257 | Orc:2    | Found Demyr's Jewellery Emporium.
 29365 | Orc:2    | Found Jagh's Book Boutique.
 29921 | Orc:2    | Found Virghad's Distillery.
 29930 | Orc:2    | Bought a potion of heal wounds for 60 gold pieces
 29930 | Orc:2    | Bought a potion of berserk rage for 60 gold pieces
 29930 | Orc:2    | Bought a potion of might for 48 gold pieces
 29930 | Orc:2    | Bought a potion of cancellation for 96 gold pieces
 29930 | Orc:2    | Bought a potion of haste for 120 gold pieces
 31660 | Orc:2    | Bought a potion of might for 60 gold pieces
 31660 | Orc:2    | Bought a scroll of teleportation for 45 gold pieces
 31660 | Orc:2    | Bought a potion of magic for 120 gold pieces
 31707 | Orc:2    | Bought an amulet of magic regeneration for 510 gold pieces
 31707 | Orc:2    | Bought a ring of ice for 425 gold pieces
 31903 | Snake:1  | Entered Level 1 of the Snake Pit
 31925 | Snake:1  | Noticed Agnes
 31957 | Snake:1  | HP: 16/116 [Agnes (18)]
 31960 | Snake:1  | Killed Agnes
 32380 | Snake:1  | HP: 21/116 [poisoned by a naga mage (bolt of poison)]
 32385 | Snake:1  | HP: 10/116 [poisoned by a naga mage (bolt of poison)]
 32390 | Snake:1  | HP: 6/116 [poisoned by a naga mage (bolt of poison)]
 33044 | D:8      | Bought -2 gold dragon scales for 1050 gold pieces
 33234 | Snake:1  | Identified the +0 robe of Negation {+Blink Will+}
 33585 | Snake:1  | Found Saje's Magic Scroll Shoppe.
 33585 | Snake:1  | Found Siror's Magic Scroll Emporium.
 33593 | Snake:1  | Bought a scroll of enchant weapon for 142 gold pieces
 33633 | Snake:1  | Found Kaqar's One-of-a-Kind Rings.
 34640 | Snake:2  | Noticed Aizul
 34656 | Snake:2  | HP: 7/117 [Aizul/poison arrow (19)]
 34657 | Snake:2  | Succumbed to Aizul's poison arrow

Illustrated notes

Levels and vault maps discovered:
D:1:      elethiomel_arrival_maze, layout_basic, minmay_heptomino_o4
D:2:      layout_basic, glass_columns_a, chequers_serial_rivers_micro_b
D:3:      layout_basic
D:4:      layout_basic, minivault_19, dk_noncrumbling_2
D:5:      gammafunk_wand_slinger, layout_gridville, vehumet_statue,
          portal_sewer_entry_e, minmay_misc_feat_more_columns
D:6:      layout_gridville
D:7:      layout_rooms, temple_fountains, kennysheep_generic_room_6
D:8:      layout_loops_corners, dpeg_lair_monsters, serial_shops,
          nicolae_diamond_shop, minmay_gold_behind_fungi, minmay_shop_damaged,
          nicolae_stop_n_shop_1
D:9:      minmay_slanted_spiral_squares, layout_small_grid, enter_bailey_7,
          chequers_avenue, minivault_16, uniq_harold, uniq_maurice, uniq_joseph,
          uniq_psyche
D:10:     layout_grid_maze, david_orc_2, uniq_grum
Lair:1:   lemuel_slime, layout_gridlike, hangedman_tree_tricks,
          nicolae_lair_grazing_beasts [nicolae_sub_lair_graze_edge,
          nicolae_sub_lair_graze_edge, nicolae_sub_lair_graze_edge,
          nicolae_sub_lair_graze_edge]
Lair:2:   layout_long_grid, guppyfry_lair_drakes, grunt_megastairs_5
Lair:3:   layout_chaotic_city, guppyfry_snake_entry_garden,
          bobbens_dragon_lair_wall
Lair:4:   layout_cellular_growth, minmay_shoals_entry_hut,
          serial_bayou_lagoon_b, lemuel_fruit_tree
Lair:5:   layout_misc_corridors, slime_altar_1, lemuel_fruit_fields,
          serial_bayou_shore_b, uniq_urug
Lair:6:   grunt_lair_end_beastmaster, layout_regular_city,
          ebering_ghost_reflecting_pool, serial_bayou_lagoon_a,
          serial_bayou_shore_a
Snake:1:  layout_onion, nicolae_shop_unique_rings, minmay_shoptagon, uniq_agnes
Snake:2:  layout_honeycomb, uniq_aizul
Orc:1:    cheibrodos_orc_arena, layout_caves
Orc:2:    st_orc_open, layout_caves, basic_altar, serial_shops,
          nicolae_shop_statue_plus

Skill      XL: |  1  2  3  4  5  6  7  8  9 10 11 12 13 14 15 |
---------------+----------------------------------------------+-----
Spellcasting   | 2 3 |  3.6
Ice Magic      | 4 5 6 7 8 10 11 13 16 17 18 | 18.2
Dodging        | 2 3 4 5 6 |  6.8
Armour         | 1 3 4 5 6 |  6.8
Fighting       | 1 3 4 5 6 |  6.8
Short Blades   | 1 3 5 8 |  8.0
Conjurations   | 3 5 |  5.1
Stealth        | 2 |  2.8
Shields        | 1 4 5 |  5.7
Evocations     | 1 |  1.7
Hexes          | 5 6 7 |  7.9

Action                   |  1- 3 |  4- 6 |  7- 9 | 10-12 | 13-15 || total
-------------------------+-------+-------+-------+-------+-------++-------
Melee: Unarmed           |    11 |       |       |       |       ||    11
       Dagger            |    27 |     1 |       |       |       ||    28
       Punch             |     1 |     1 |     6 |     6 |    55 ||    69
       Short sword       |       |    53 |   119 |   191 |       ||   363
       Quick blade       |       |       |   133 |    80 |  1813 ||  2026
       Staff             |       |       |       |       |     9 ||     9
 Cast: Freeze            |    59 |    55 |    41 |   316 |   189 ||   660
       Frozen Ramparts   |       |    32 |    45 |    87 |   134 ||   298
       Ozocubu's Armour  |       |     7 |    31 |    48 |    56 ||   142
       Hailstorm         |       |       |       |     9 |     8 ||    17
       Tukima's Dance    |       |       |       |       |    35 ||    35
Evoke: Wand              |       |       |    24 |    18 |     9 ||    51
       Box of beasts     |       |       |       |     1 |     3 ||     4
  Use: Scroll            |       |       |    22 |     8 |    14 ||    44
       Potion            |       |       |     2 |     7 |    18 ||    27
 Stab: Sleeping          |     2 |     2 |       |       |     1 ||     5
       Distracted        |       |       |       |     1 |       ||     1
Armor: Robe              |    17 |    39 |    70 |       |       ||   126
       Ring mail         |       |       |    50 |   237 |   373 ||   660
       Gold dragon scale |       |       |       |       |    64 ||    64
       Chain mail        |       |       |       |       |    10 ||    10
Dodge: Dodged            |    49 |    63 |   172 |   345 |   536 ||  1165
Block: Buckler           |       |       |       |       |    23 ||    23

Table legend: (Time is in decaauts)
 A = Elapsed time spent in this place.
 B = Non-inter-level travel time spent in this place.
 C = Inter-level travel time spent in this place.
 D = Time resting spent in this place.
 E = Time spent auto-exploring this place.
 F = Levels seen in this place.
 G = Mean time per level.
                   A        B        C        D        E       F      G
               +--------+--------+--------+--------+--------+-----+--------+
         Total |  33411 |  31724 |   1687 |   4170 |  20037 |  22 | 1518.7 |
       Dungeon |  13960 |  13256 |    704 |   1037 |  10094 |  10 | 1396.0 |
          Lair |  12386 |  11735 |    651 |   1594 |   7484 |   6 | 2064.3 |
     Snake Pit |   1694 |   1654 |     40 |    107 |   1108 |   2 |  847.0 |
  Orcish Mines |   4036 |   3745 |    291 |    955 |   1121 |   2 | 2018.0 |
         Sewer |    828 |    828 |      0 |    288 |    181 |   1 |  828.0 |
        Bailey |    504 |    504 |      0 |    188 |     48 |   1 |  504.0 |
               +--------+--------+--------+--------+--------+-----+--------+

Top non-repeatable levels by time:
  Lair:3: 2675 daAuts
   Orc:2: 2617 daAuts
     D:7: 2458 daAuts
  Lair:1: 2319 daAuts
  Lair:6: 2225 daAuts
     D:8: 1861 daAuts
  Lair:4: 1790 daAuts
  Lair:5: 1714 daAuts
  Lair:2: 1660 daAuts
     D:1: 1566 daAuts
     D:9: 1429 daAuts
   Orc:1: 1419 daAuts
    D:10: 1216 daAuts
     D:5: 1154 daAuts
     D:4: 1127 daAuts

Table legend:
 A = Kills in this place as a percentage of kills in entire the game.
 B = Kills by you in this place as a percentage of kills by you in the entire game.
 C = Kills by friends in this place as a percentage of kills by friends in the entire game.
 D = Other kills in this place as a percentage of other kills in the entire game.
 E = Experience gained in this place as a percentage of experience gained in the entire game.
 F = Experience gained in this place divided by the number of levels of this place that you have seen.
                   A       B       C       D       E      F
               +-------+-------+-------+-------+-------+----------------------
         Total | 100.0 | 100.0 | 100.0 |   N/A | 100.0 | 5341.4
       Dungeon |  36.7 |  37.2 |   7.7 |   N/A |  15.3 | 1800.9
          Lair |  28.3 |  28.9 |   0.0 |   N/A |  47.2 | 9245.8
     Snake Pit |   3.5 |   3.5 |   0.0 |   N/A |  10.7 | 6279.5
  Orcish Mines |  20.6 |  19.2 |  92.3 |   N/A |  24.4 | 14311.5
         Sewer |   7.9 |   8.1 |   0.0 |   N/A |   0.3 | 312.0
        Bailey |   3.1 |   3.1 |   0.0 |   N/A |   2.2 | 2533.0
               +-------+-------+-------+-------+-------+----------------------
